 Dungeon Crawl Stone Soup version 0.24-a0-653-g3936067ed8 (webtiles) character file.

Game seed: 11279134090531977238, levelgen mode: deterministic

79 Kisielow the Ruffian (level 4, 0/38 HPs)
             Began as a Ghoul Monk on Sept 27, 2019.
             Slain by a sky beast (1 damage)
             ... on level 3 of the Dungeon.
             The game lasted 00:04:44 (2006 turns).

Kisielow the Ruffian (Ghoul Monk)                   Turns: 2006, Time: 00:04:45

Health: 0/38       AC:  9    Str: 12 (15) XL:     4   Next: 37%
Magic:  12/12      EV:  5    Int:  3 (5)  God:
Gold:   82         SH:  0    Dex:  8 (11) Spells: 3/3 levels left

rFire    . . .     SeeInvis .     - Unarmed
rCold    + . .     Gourm    .   (no shield)
rNeg     + + +     Faith    .   f - +0 chain mail
rPois    ∞         Spirit   .   i - +0 helmet
rElec    .         Reflect  .   (no cloak)
rCorr    .         Harm     .   (no gloves)
MR       .....                  (no boots)
Stlth    ..........             (no amulet)
HPRegen  0.00/turn              j - ring of magical power
MPRegen  0.13/turn              l - ring of stealth

@: rotting
A: rotting body, claws 1, carnivore, cold resistance 1, negative energy
resistance 3, inhibited regeneration, torment resistance, unbreathing
a: no special abilities


You were on level 3 of the Dungeon.
You were not hungry.

You visited 1 branch of the dungeon, and saw 3 of its levels.

You collected 82 gold pieces.

Inventory:

Armour
 f - a +0 chain mail (worn)
 i - a +0 helmet (worn)
Jewellery
 j - a ring of magical power (left claw)
 l - a ring of stealth (right claw)
Scrolls
 a - a scroll of enchant armour {unknown}
 c - 3 scrolls of identify {unknown}
 h - a scroll of teleportation {unknown}
 k - a scroll of remove curse {unknown}
Comestibles
 b - 4 rations
 d - 5 chunks of flesh


   Skills:
 + Level 3.4 Fighting
 * Level 0.9 Armour
 - Level 2.6 Dodging
 - Level 2.1 Stealth
 + Level 5.2 Unarmed Combat


You had 3 spell levels left.
You didn't know any spells.
Your spell library was empty.

Dungeon Overview and Level Annotations

Branches:
Dungeon (3/15)

Altars:
Ashenzari
Elyvilon
Gozag
Kikubaaqudgha
Okawaru
Sif Muna


Innate Abilities, Weirdness & Mutations

Your body is rotting away.
You thrive on raw meat.
You are immune to poison.
You have sharp fingernails.
You are carnivorous and can eat meat at any time.
Your flesh is cold resistant. (rC+)
You are immune to negative energy. (rN+++)
You do not regenerate when monsters are visible.
You are immune to unholy pain and torment.
You can survive without breathing.


Message History

The sky beast hits you but does no damage.
It was a potion of cancellation.
Your magical effects are unravelling.
You feel magically purged.
You float gracefully downwards.
You feel a little less clever now.
The sky beast hits you but does no damage.
You barely miss the sky beast.
The sky beast is lightly wounded.
The sky beast hits you but does no damage.
You closely miss the sky beast.
The sky beast is lightly wounded.
The sky beast flickers out of sight!
Deactivating autopickup; reactivate with Ctrl-A.
Something hits you.
* * * LOW HITPOINT WARNING * * *
Something shocks you.
* * * LOW HITPOINT WARNING * * *
You barely miss something. You closely miss something. Something hits you.
You die...

## #.. #.. #### ...
#.[#### # #.#
#.#.#.#### #.#.#
#...#..#^## #
#.#.####.#...#..(#.####
#....).....#..@#.......
#.#.####.#..)#.{.#
#.#.####...#..#.##
#......#.#.#.####
#.#.####.[#### #...#
##### #.### #.# #.# #)#
#.# #.###########


There were no monsters in sight!

Vanquished Creatures
  2 adders (D:2)
  A worm (D:2)
  2 leopard geckos
  2 giant cockroaches
  8 goblins
  9 hobgoblins
  3 jackals (D:2)
  8 kobolds
  A quokka (D:3)
  7 bats
  4 frilled lizards
  7 rats
54 creatures vanquished.

Notes
Turn   | Place    | Note
-------+----------+-------------------------------------------
     0 | D:1      | Kisielow the Ghoul Monk began the quest for the Orb.
     0 | D:1      | Reached XP level 1. HP: 19/19 MP: 0/0
    61 | D:1      | Found a shattered altar of Ashenzari.
    78 | D:1      | Reached XP level 2. HP: 22/26 MP: 1/1
   123 | D:1      | Reached skill level 4 in Unarmed Combat
   546 | D:1      | Reached XP level 3. HP: 31/31 MP: 2/2
   845 | D:2      | Found an ancient bone altar of Kikubaaqudgha.
   845 | D:2      | Found a shimmering blue altar of Sif Muna.
   868 | D:2      | Reached skill level 5 in Unarmed Combat
   881 | D:2      | Found an iron altar of Okawaru.
  1056 | D:2      | Found a white marble altar of Elyvilon.
  1319 | D:2      | Reached XP level 4. HP: 34/38 MP: 3/3
  1329 | D:2      | Found an opulent altar of Gozag.
  1980 | D:3      | Noticed a sky beast
  2004 | D:3      | HP: 1/38 [something (5)]
  2006 | D:3      | Slain by a sky beast

Levels and vault maps discovered:
D:1:      sevenhm_arrival_forest_fort_small_3, layout_basic, ashenzari_altar_1
D:2:      layout_loops_ring, nicolae_gozag_seed_capital, old_standard_altar,
          nicolae_overflow_hidden_temple, gammafunk_temple_overflow_wave,
          serial_bayou, serial_bayou_shore_b, serial_bayou_pond_c,
          serial_bayou_shore_b, serial_bayou_lake_a
D:3:      minmay_spotlight, layout_loops_ring, first_ration

Skill      XL: |  1  2  3 |
---------------+----------+-----
Unarmed Combat | 4 5 |  5.2
Fighting       | |  3.4
Armour         | |  0.9
Dodging        | |  2.6
Stealth        | |  2.1

Action                   |  1- 3 |  4- 6 || total
-------------------------+-------+-------++-------
Melee: Unarmed           |   126 |    56 ||   182
       Punch             |     2 |       ||     2
  Use: Potion            |       |     5 ||     5
  Eat: Chunk             |    10 |       ||    10
Armor: Robe              |     1 |       ||     1
       Chain mail        |    65 |    36 ||   101
Dodge: Dodged            |    62 |    18 ||    80

Table legend:
 A = Non-vault XP
 B = Vault XP
 C = Vault XP percentage of total XP
 D = Non-vault monster count
 E = Vault monster count
 F = Vault count percentage of total count
                 A         B        C        D         E       F
            +---------+---------+-------+---------+---------+-------
      Total |     107 |       6 |   5.3 |      51 |       3 |   5.6
            +---------+---------+-------+---------+---------+-------
        D:1 |      40 |       0 |   0.0 |      26 |       0 |   0.0
        D:2 |      60 |       0 |   0.0 |      21 |       0 |   0.0
        D:3 |       7 |       6 |  46.2 |       4 |       3 |  42.9
            +---------+---------+-------+---------+---------+-------
